AoeStats
← DariiX

Highland

506950980Analyzed
3v3 RM · 15d ago on Sep 15, 2026· 107m 49s· 6 players
Game mode
Random Map
Map size
Normal (6 player)
Population
200
Speed
Normal
Resources
Standard
Victory
Conquest
Starting age
Dark Age
Ending age
Imperial Age
RankedLock teamsTeams togetherTeam positionsShared explorationLock speedFull tech treeHidden civsTurbo modeCheats
Victory
Defeat
🇳🇱 Spanish · Netherlands
892
+14
🇵🇪 Ethiopians · Peru
831
+17
🇵🇱 Poles · Poland
818
+36
🇺🇸 Mongols · United States
884
-18
🇺🇸 Lithuanians · United States
879
-17
🇺🇸 Burgundians · United States
779
-13
zarrgunss
8:36 Loom
11:03 Feudal Age
11:35 Double-Bit Axe
21:12 Castle Age
19:49 Fletching
22:23 Squires
22:40 Scale Mail Armor
24:27 Wheelbarrow
27:39 Padded Archer Armor
28:23 Stone Mining
28:23 Gold Mining
28:46 Bow Saw
30:02 Horse Collar
30:24 Crossbowman
32:51 Bodkin Arrow
33:20 Ballistics
36:42 Imperial Age
36:00 Thumb Ring
38:39 Town Watch
39:10 Forging
45:22 Iron Casting
45:18 Hand Cart
46:34 Chain Mail Armor
47:14 Elite Skirmisher
49:05 Bracer
50:04 Gold Shaft Mining
50:28 Halberdier
52:12 Blast Furnace
51:43 Plate Mail Armor
51:29 Leather Archer Armor
52:29 Two-Man Saw
52:55 Royal Heirs
53:47 Arbalester
53:52 Capped Ram
55:33 Heavy Plow
56:36 Chemistry
55:48 Masonry
63:45 Ring Archer Armor
84:43 Arson
91:23 Caravan
91:55 Coinage
92:41 Scale Barding Armor
93:45 Husbandry
93:06 Light Cavalry
94:11 Chain Barding Armor
95:02 Siege Ram
96:42 Hussar
Alwino
2:46 Loom
11:33 Feudal Age
12:10 Town Watch
12:16 Double-Bit Axe
21:28 Castle Age
19:30 Fishing Lines
19:58 Horse Collar
23:14 Medium Warships
25:53 Gillnets
30:22 Imperial Age
28:22 Fletching
28:55 Ballistics
28:57 Bow Saw
29:29 Heavy Plow
29:57 Bodkin Arrow
32:03 Chemistry
31:17 Demolition Ship
33:59 Two-Man Saw
32:59 Murder Holes
33:15 Careening
32:46 Elite Cannon Galleon
33:31 Heavy Demolition Ship
35:06 Bracer
35:19 Clinker Construction
35:29 Dry Dock
36:02 Conscription
38:17 Town Patrol
38:53 Wheelbarrow
41:02 Hand Cart
43:46 Padded Archer Armor
44:08 Shipwright
44:08 Carvel Hull
46:51 Caravan
47:18 Cavalier
47:59 Husbandry
48:16 Leather Archer Armor
48:07 Scale Barding Armor
48:02 Scale Mail Armor
48:13 Forging
48:44 Elite Conquistador
49:58 Ring Archer Armor
49:41 Fortified Wall
49:00 Light Cavalry
49:50 Bloodlines
50:35 Gold Mining
50:36 Stone Mining
51:33 Coinage
51:14 Guilds
51:00 Paladin
51:41 Hussar
54:21 Chain Barding Armor
54:28 Chain Mail Armor
55:16 Iron Casting
57:25 Stone Shaft Mining
64:03 Plate Barding Armor
63:59 Plate Mail Armor
64:29 Blast Furnace
63:42 Masonry
63:18 Arrowslits
94:13 Banking
102:09 Architecture
101:45 Siphons
102:01 Bombard Tower
101:31 Guard Tower
103:33 Fervor
103:24 Atonement
103:34 Redemption
103:45 Sanctity
103:45 Heresy
104:01 Theocracy
103:22 Herbal Medicine
103:43 Block Printing
103:29 Devotion
103:54 Illumination
103:32 Squires
102:53 Pikeman
102:53 Man-at-Arms
103:22 Gambesons
104:47 Heavy Warships
106:13 Halberdier
106:13 Long Swordsman
106:18 Heavy Cavalry Archer
106:18 Elite Skirmisher
107:04 Thumb Ring
DariiX
11:17 Feudal Age
12:48 Wheelbarrow
12:04 Horse Collar
12:12 Double-Bit Axe
17:44 Gold Mining
17:47 Stone Mining
19:37 Forging
19:45 Fishing Lines
20:27 Scale Barding Armor
20:24 Scale Mail Armor
22:21 Bloodlines
25:27 Castle Age
24:47 Gold Mining
26:40 Hand Cart
29:23 Stone Shaft Mining
28:50 Heavy Plow
29:03 Bow Saw
30:36 Chain Barding Armor
30:31 Chain Mail Armor
30:52 Iron Casting
29:42 Light Cavalry
30:23 Husbandry
32:42 Squires
33:40 Gillnets
34:15 Town Watch
39:00 Imperial Age
36:19 Town Watch
37:38 Town Patrol
38:19 Padded Archer Armor
38:09 Fletching
39:14 Loom
39:47 Elite Obuch
40:53 Conscription
42:07 Winged Hussar
46:01 Szlachta Privileges
45:42 Cavalier
46:05 Treadmill Crane
46:45 Guard Tower
47:40 Lechitic Legacy
50:48 Crop Rotation
49:50 Pikeman
49:50 Man-at-Arms
50:15 Arson
51:04 Plate Mail Armor
51:34 Blast Furnace
50:30 Bodkin Arrow
50:50 Leather Archer Armor
50:57 Ballistics
51:29 Herbal Medicine
52:09 Theocracy
51:35 Devotion
51:55 Sanctity
51:45 Redemption
51:47 Fervor
51:53 Block Printing
53:18 Caravan
53:48 Coinage
56:10 Faith
55:15 Capped Ram
55:17 Onager
59:17 Chemistry
58:02 Arrowslits
58:53 Keep
58:28 Fortified Wall
58:14 Murder Holes
58:29 Masonry
58:25 Siege Engineers
58:30 Careening
58:31 Clinker Construction
58:37 Medium Warships
57:47 Demolition Ship
59:20 Banking
58:56 Bracer
58:21 Long Swordsman
59:47 Heavy Warships
60:33 Siege Ram
60:46 Crossbowman
61:32 Thumb Ring
60:47 Elite Skirmisher
60:47 Heavy Cavalry Archer
60:56 Two-Handed Swordsman
62:50 Bombard Tower
61:55 Arbalester
62:00 Champion
62:38 Sappers
63:43 Hoardings
75:44 Carvel Hull
t_ttieshotsonly
10:57 Feudal Age
12:57 Double-Bit Axe
13:01 Horse Collar
16:27 Bow Saw
16:23 Heavy Plow
21:10 Gold Mining
21:11 Stone Mining
23:19 Man-at-Arms
29:54 Town Watch
32:16 Castle Age
33:02 Long Swordsman
34:42 Elite Skirmisher
39:05 Two-Man Saw
40:26 Squires
40:12 Arson
45:54 Imperial Age
46:56 Town Patrol
49:28 Conscription
49:15 Burgundian Vineyards
50:46 Chemistry
50:05 Fortified Wall
49:36 Treadmill Crane
49:58 Pikeman
50:29 Two-Handed Swordsman
53:16 Champion
53:18 Halberdier
55:21 Light Cavalry
56:03 Husbandry
56:20 Forging
56:16 Scale Barding Armor
56:11 Scale Mail Armor
56:04 Fletching
56:14 Padded Archer Armor
57:43 Elite Coustillier
59:31 Caravan
59:56 Chain Barding Armor
60:11 Iron Casting
60:52 Wheelbarrow
60:04 Loom
62:19 Hussar
68:27 Ballistics
91:25 Blast Furnace
91:00 Plate Barding Armor
90:41 Chain Mail Armor
90:22 Bodkin Arrow
90:43 Leather Archer Armor
99:07 Cavalier
101:21 Paladin
CuddlingPenguin
10:26 Feudal Age
8:43 Loom
10:29 Feudal Age
15:42 Double-Bit Axe
17:17 Forging
17:14 Scale Barding Armor
18:29 Bloodlines
18:42 Horse Collar
21:43 Castle Age
21:48 Light Cavalry
23:06 Heavy Plow
23:18 Bow Saw
23:55 Husbandry
28:18 Fletching
28:30 Padded Archer Armor
27:54 Elite Skirmisher
35:03 Bodkin Arrow
35:24 Leather Archer Armor
40:28 Imperial Age
38:38 Wheelbarrow
39:04 Gold Mining
41:34 Conscription
40:35 Elite Mangudai
43:49 Drill
44:04 Ballistics
44:59 Chemistry
44:10 Fortified Wall
44:09 Siege Engineers
44:55 Town Watch
45:25 Hand Cart
47:40 Hoardings
47:08 Nomads
47:28 Caravan
48:47 Bracer
50:34 Siphons
50:55 Shipwright
50:51 Masonry
50:37 Murder Holes
51:42 Chain Barding Armor
55:35 Iron Casting
54:25 Hussar
54:39 Onager
57:38 Blast Furnace
58:49 Siege Onager
75:01 Fortified Wall
75:19 Siphons
79:21 Guard Tower
101:14 Medium Warships
101:24 Siphons
Hippochamp511
6:13 Loom
8:50 Feudal Age
10:18 Double-Bit Axe
14:36 Scale Barding Armor
19:22 Forging
19:03 Fletching
22:20 Castle Age
20:24 Horse Collar
23:06 Padded Archer Armor
23:26 Bloodlines
24:06 Chain Barding Armor
24:21 Husbandry
26:00 Wheelbarrow
25:41 Bow Saw
27:18 Town Watch
29:25 Gold Mining
29:37 Heavy Plow
29:17 Elite Skirmisher
29:56 Bodkin Arrow
31:38 Hand Cart
31:25 Town Patrol
34:48 Iron Casting
34:29 Leather Archer Armor
39:08 Stone Mining
40:51 Caravan
43:22 Imperial Age
43:23 Stone Shaft Mining
43:50 Heresy
44:04 Cavalier
45:21 Plate Barding Armor
44:46 Bracer
45:17 Ring Archer Armor
45:18 Ballistics
45:58 Chemistry
45:11 Masonry
46:24 Paladin
49:55 Conscription
55:11 Fortified Wall
55:32 Architecture
55:23 Bombard Tower
56:42 Crop Rotation
56:38 Tower Shields
57:15 Hoardings
56:04 Elite Leitis
58:36 Treadmill Crane
58:47 Guard Tower
75:52 Hill Forts
78:42 Keep
77:35 Onager
90:34 Guilds
98:26 Heated Shot
99:30 Scale Mail Armor
Connection lost

Rejoining the realm…

Still unreachable

The connection could not be restored.

Session expired

The server has moved on; the page needs a fresh start.